 Dungeon Crawl Stone Soup version 0.31.0-9-g3a7656b989 (webtiles) character file.

Game seed: 8901307586164594505

37 qw the Shooter (level 3, -2/20 HPs)
             Began as a Deep Elf Hunter on Feb 2, 2024.
             Slain by an adder (4 damage)
             ... on level 2 of the Dungeon.
             The game lasted 00:00:02 (728 turns).

qw the Shooter (Deep Elf Hunter)                     Turns: 728, Time: 00:00:02

Health: -2/20      AC:  3    Str: 10    XL:     3   Next: 21%
Magic:  5/5        EV:  9    Int: 13    God:
Gold:   33         SH:  0    Dex: 18    Spells: 2/2 levels left

rFire   . . .        a - +0 shortbow
rCold   . . .        (shield currently unavailable)
rNeg    . . .        c - +0 leather armour
rPois   .            (no helmet)
rElec   .            (no cloak)
rCorr   .            (no gloves)
SInv    .            (no boots)
Will    .....        (no amulet)
Stlth   ++           (no ring)
HPRegen 0.23/turn    (no ring)
MPRegen 0.09/turn

%: no passive effects
@: lethally poisoned (-2 -> -7), about to teleport, constricted
A: no striking features
a: no special abilities


You were on level 2 of the Dungeon.
You visited 1 branch of the dungeon, and saw 2 of its levels.

You collected 72 gold pieces.
You spent 39 gold pieces at shops.


   Skills:
 - Level 1.5 Fighting
 + Level 6.8 Ranged Weapons
 - Level 2.4 Dodging
 - Level 1.2 Stealth


You had 2 spell levels left.
You didn't know any spells.
Your spell library was empty.

Inventory:

Hand Weapons
 a - a +0 shortbow (weapon)
Armour
 b - a +0 scale mail
 c - a +0 leather armour (worn)

Dungeon Overview and Level Annotations

Branches:
Dungeon (2/15)

Altars:

Shops:
D:1 *


Message History

Found a book of Hexes.
An adder and a ball python come into view.
Found a troll leather armour and 4 stones.
The adder hisses angrily.
You shoot an arrow. The arrow closely misses the adder.
The ball python hisses angrily.
A ribbon worm comes into view.
You shoot an arrow. The arrow hits the adder!
The adder is severely wounded.
You shoot an arrow.
The arrow closely misses the ball python.
You shoot an arrow.
The arrow closely misses the ball python.
The ball python bites you. The ball python barely misses you. x2
The ball python grabs you. The ball python constricts you.
You shoot an arrow.
The arrow closely misses the ball python.
The adder bites you.
You are poisoned.
The adder poisons you! The ball python bites you.
The ball python constricts you. The adder bites you but does no damage.
You shoot an arrow. The arrow hits the ball python.
The ball python is moderately wounded.
You feel sick.
The ball python bites you but does no damage.
The ball python constricts you. The adder bites you.
You are more poisoned.
The adder poisons you!
You shoot an arrow.
The arrow barely misses the ball python.
You feel very sick. The ball python completely misses you.
The ball python constricts you. The adder bites you.
The ball python bites you but does no damage.
The ball python constricts you. The adder bites you.
728 ||| READING scroll of teleportation.
As you read the scroll of teleportation, it crumbles to dust.
You feel strangely unstable.
You feel sick. The adder bites you.
You die...

#...%.......
#..>.......
#.......#
#####.....#
#.........#######
#.####..........#
#.# ####.###..:.
#.# #.# #
###.#######@#
#.........#SS....[.
#...#####.#.w......
#...'...#.#....(...
#...###.#.#........
##.## #.#.#........
#.# #.#.#........
#.# #.#.#.#######
#.# #.#.#


You could see a ribbon worm, an adder and a ball python.

Vanquished Creatures
  A dart slug (D:1)
  7 endoplasms
  2 giant cockroaches
  3 goblins (D:1)
  2 hobgoblins (D:1)
  2 kobolds
  A quokka (D:2)
  A ball python (D:1)
  4 bats
  3 frilled lizards (D:1)
  4 rats
30 creatures vanquished.

Notes
Turn   | Place    | Note
-------+----------+-------------------------------------------
     0 | D:1      | qw the Deep Elf Hunter began the quest for the Orb.
     0 | D:1      | Reached XP level 1. HP: 12/12 MP: 3/3
     0 | D:1      | 0 ||| qw: Version: 0.3-a-155-g5e7d8dd
     0 | D:1      | 0 ||| qw: Game counter: 1813
     0 | D:1      | 0 ||| qw: Melee chars always use a shield: true
     0 | D:1      | 0 ||| qw: God list: Okawaru
     0 | D:1      | 0 ||| qw: Allow faded altars: false
     0 | D:1      | 0 ||| qw: Do Orc after clearing Dungeon:15 true
     0 | D:1      | 0 ||| qw: Do second Lair branch before Depths: true
     0 | D:1      | 0 ||| qw: Lair rune preference: random
     0 | D:1      | 0 ||| qw: Goals: Normal
     0 | D:1      | 0 ||| PLANNING D:1-11
    95 | D:1      | Reached XP level 2. HP: 16/16 MP: 4/4
   109 | D:1      | Reached skill level 6 in Ranged Weapons
   155 | D:1      | Found Gegg's General Store.
   167 | D:1      | 167 ||| SHOPLISTING +0 pair of gloves (58 gold, have 43).
   167 | D:1      | 167 ||| BUYING scroll of teleportation (39 gold).
   167 | D:1      | Bought a scroll of teleportation for 39 gold pieces
   569 | D:1      | 569 ||| READING scroll labelled QUMIH YNNE.
   598 | D:1      | 598 ||| READING scroll labelled KAITSO KUAC.
   599 | D:1      | 599 ||| DROPPING scroll of butterflies.
   642 | D:2      | Reached XP level 3. HP: 20/20 MP: 5/5
   727 | D:2      | HP: 4/20 [adder (3)]
   728 | D:2      | 728 ||| READING scroll of teleportation.
   728 | D:2      | Slain by an adder

Levels and vault maps discovered:
D:1:      psy_arrival_whirlpool, layout_loops_ring, serial_shops,
          nicolae_shop_tiny_statue_garden, kennysheep_nondescript,
          minmay_close_crescents
D:2:      layout_basic

Skill      XL: |  1  2 |
---------------+-------+-----
Ranged Weapons | 6 |  6.8
Fighting       | |  1.5
Dodging        | |  2.4
Stealth        | |  1.2

Action                     || total
---------------------------++-------
   Fire: Shortbow          ||    87
    Use: Scroll            ||     3
 Armour: Leather armour    ||    17
  Dodge: Dodged            ||    16

Table legend:
 A = Non-vault XP
 B = Vault XP
 C = Vault XP percentage of total XP
 D = Non-vault monster count
 E = Vault monster count
 F = Vault count percentage of total count
                 A         B        C        D         E       F
            +---------+---------+-------+---------+---------+-------
      Total |      44 |       9 |  17.0 |      24 |       6 |  20.0
            +---------+---------+-------+---------+---------+-------
        D:1 |      31 |       9 |  22.5 |      17 |       6 |  26.1
        D:2 |      13 |       0 |   0.0 |       7 |       0 |   0.0
            +---------+---------+-------+---------+---------+-------
